 Seeded DCSS version 0.29-a0-993-g4a18f31a58 (webtiles) character file.

Game seed: 8107409582144026534 (custom seed)

1 flotson the Sneak (level 1, -2/18 HPs)
             Began as a Demonspawn Delver on Aug 2, 2022.
             Succumbed to a scorpion's poison
             ... on level 4 of the Dungeon.
             The game lasted 00:01:05 (157 turns).

flotson the Sneak (Demonspawn Delver)                Turns: 157, Time: 00:01:06

Health: -2/18      AC:  8    Str: 12    XL:     1   Next: 16%
Magic:  1/1        EV:  5    Int: 11    God:
Gold:   26         SH:  0    Dex: 14    Spells: 0/0 levels left

rFire   . . .      SeeInvis .   a - +0 spear
rCold   . . .      Faith    .   (no shield)
rNeg    . . .      Spirit   .   h - +0 chain mail
rPois   .          Reflect  .   (no helmet)
rElec   .          Harm     .   (no cloak)
rCorr   .          Rampage  .   (no gloves)
Will    .....                   (no boots)
Stlth   ..........              (no amulet)
HPRegen 0.06/turn               (no ring)
MPRegen 0.07/turn               (no ring)

@: lethally poisoned (-2 -> -14)
A: no striking features
a: no special abilities


You were on level 4 of the Dungeon.
You visited 1 branch of the dungeon, and saw 2 of its levels.

You collected 26 gold pieces.

Inventory:

Hand Weapons
 a - a +0 spear (weapon)
Armour
 h - a +0 chain mail (worn)
Wands
 g - a wand of digging (3)
Scrolls
 b - a scroll of teleportation {unknown}
 c - a scroll of fog
 d - a scroll of noise {unknown}
Potions
 e - a potion of invisibility {unknown}


   Skills:
 + Level 3.0 Fighting
 + Level 0.0(1.0) Axes
 - Level 1.7 Polearms
 + Level 0.0 Armour
 + Level 1.8 Dodging
 - Level 4.5 Stealth
 + Level 0.0 Evocations


You couldn't memorise any spells.
You didn't know any spells.
Your spell library was empty.

Dungeon Overview and Level Annotations

Branches:
Dungeon (5/15)
 Temple: D:4-7

Altars:


Message History

The quokka bites you.
An orc priest comes into view.
It is wielding a +2 war axe of electrocution.
A gnoll comes into view. It is wielding a +0 halberd.
You barely miss the quokka.
The quokka is severely wounded.
The orc priest shouts!
You hear a shout!
The quokka bites you.
You barely miss the quokka.
The quokka is severely wounded.
The quokka bites you but does no damage.
An orc priest comes into view. It is wielding a +0 short sword.
The quokka bites you but does no damage.
You hit the quokka but do no damage.
The quokka is severely wounded.
The quokka barely misses you.
The orc priest mumbles some strange prayers to Beogh against you.
Beogh smites you!
Ouch! That really hurt!
* * * LOW HITPOINT WARNING * * *
The gnoll reads a scroll.
Wisps of shadow swirl around the gnoll.
You hear a shout!
Unknown command.
The quokka attacks as you move away!
The quokka bites you but does no damage.
The quokka bites you but does no damage.
The orc priest begins to cast a cantrip, but forgets the words!
As you read the scroll of fear, it crumbles to dust.
You assume a fearsome visage.
The quokka looks frightened!
The orc priest looks frightened! x2; The black bear looks frightened!
The gnoll looks frightened!
The hobgoblin looks frightened!
Found a green potion.
e - a green potion A scorpion comes into view.
The scorpion attacks as you move away! The scorpion stings you.
* * * LOW HITPOINT WARNING * * *
You are lethally poisoned!
The scorpion poisons you!
* * * LOW HITPOINT WARNING * * *
You feel very sick.
You die...

#...#....# ...
#####.#.......
..
##.......####..
.. #..###.#.#
##. .###.##
#.#..# #.
..##.# #.##.#
## #.##.# #.#
.. #.##.# #.#
#.# #@##.# #.#
.# #.##.# #.#
.# #s.#.#
##.#.##.###
#........#
###.##.#.# #.#
# ..# ..#


You could see a scorpion.

Vanquished Creatures
  A kobold (D:4)
1 creature vanquished.

Notes
Turn   | Place    | Note
-------+----------+-------------------------------------------
     0 | D:5      | flotson the Demonspawn Delver began the quest for the Orb.
     0 | D:5      | Reached XP level 1. HP: 18/18 MP: 1/1
    31 | D:5      | Noticed a scorpion
    48 | D:5      | Noticed an iguana
   103 | D:4      | Noticed an orc priest
   105 | D:4      | Noticed an orc priest
   107 | D:4      | Noticed a black bear
   107 | D:4      | Noticed a jelly
   151 | D:4      | Noticed a scorpion
   157 | D:4      | Succumbed to a scorpion's poison

Illustrated notes

Levels and vault maps discovered:
D:4:      layout_rooms, hangedman_decor_peaks_small
D:5:      layout_basic, mainiacjoe_overflow_catwalk, hangedman_decor_lopped

Action                   || total
-------------------------++-------
Melee: Spear             ||     8
  Use: Scroll            ||     2
       Potion            ||     1
Armor: Chain mail        ||     5
Dodge: Dodged            ||     1

Table legend: (Time is in decaauts)
 A = Elapsed time spent in this place.
 B = Non-inter-level travel time spent in this place.
 C = Inter-level travel time spent in this place.
 D = Time resting spent in this place.
 E = Time spent auto-exploring this place.
 F = Levels seen in this place.
 G = Mean time per level.
                   A        B        C        D        E       F      G
               +--------+--------+--------+--------+--------+-----+--------+
         Total |    138 |    138 |      0 |      0 |     24 |   2 |   69.0 |
       Dungeon |    138 |    138 |      0 |      0 |     24 |   2 |   69.0 |
               +--------+--------+--------+--------+--------+-----+--------+

Top non-repeatable levels by time:
     D:4: 70 daAuts
     D:5: 68 daAuts
